 Dungeon Crawl Stone Soup version 0.29.1-2-gbd0b4ee654 (webtiles) character file.

Game seed: 3727463420261965177

95 GigaChad the Covered (level 4, 0/40 HPs)
             Began as a Minotaur Fighter on Nov 21, 2022.
             Was a High Priest of Ignis.
             Slain by an orc wizard
             ... wielding a +0 dagger
              (2 damage)
             ... on level 3 of the Dungeon.
             The game lasted 00:04:51 (1998 turns).

GigaChad the Covered (Minotaur Fighter)             Turns: 1998, Time: 00:04:51

Health: 0/40       AC:  7    Str: 23    XL:     4   Next: 40%
Magic:  2/2        EV:  9    Int:  5    God:    Ignis [*****.]
Gold:   187        SH:  0    Dex:  9    Spells: 3/3 levels left

rFire   + . .      SeeInvis .   a - +3 war axe
rCold   . . .      Faith    .   c - +0 buckler
rNeg    . . .      Spirit   .   b - +0 scale mail
rPois   .          Reflect  .   (helmet unavailable)
rElec   .          Harm     .   (no cloak)
rCorr   .          Rampage  .   (no gloves)
Will    .....                   (no boots)
Stlth   ..........              (no amulet)
HPRegen 0.13/turn               (no ring)
MPRegen 0.08/turn               (no ring)

@: confused, lethally poisoned (0 -> -3)
A: horns 3, retaliatory headbutt, low MP 1
a: Renounce Religion, Fiery Armour, Foxfire Swarm, Rising Flame


You were on level 3 of the Dungeon.
You worshipped Ignis.
Ignis was extremely pleased with you.
You visited 1 branch of the dungeon, and saw 3 of its levels.

You collected 187 gold pieces.

Inventory:

Hand Weapons
 a - a +3 war axe (weapon)
Armour
 b - a +0 scale mail (worn)
 c - a +0 buckler (worn)
 r - a +0 cloak
Jewellery
 e - a ring of protection from fire
 i - a ring of poison resistance
 j - an amulet of magic regeneration
 n - a ring of see invisible
 q - an amulet of reflection
Scrolls
 f - 3 scrolls of teleportation {unknown}
 l - a scroll of immolation {unknown}
 m - 4 scrolls of identify
 p - a scroll of vulnerability {unknown}
 s - a scroll of silence {unknown}
 t - a scroll of fog {unknown}
Potions
 d - a potion of might
 g - a potion of curing {unknown}
 h - 3 potions of heal wounds {unknown}
 k - 3 potions of flight {unknown}
 u - a potion of lignification {unknown}


   Skills:
 + Level 4.2 Fighting
 * Level 4.2 Axes
 + Level 4.3 Armour
 + Level 4.1 Shields


You had 3 spell levels left.
You didn't know any spells.
Your spell library contained the following spells:

 Spells                   Type           Power      Damage    Failure   Level
 Conjure Flame            Conj/Fire      0%         6-21      99%         3
 Ignite Poison            Fire/Tmut/Pois 0%         N/A       99%         3
 Sticky Flame             Conj/Fire      0%         2d3       100%        4


Dungeon Overview and Level Annotations

Branches:
Dungeon (3/15)

Altars:
Xom
Ignis

Shops:
D:2 =   D:3 [*!*


Innate Abilities, Weirdness & Mutations

You have a pair of large horns on your head.
You reflexively headbutt those who attack you in melee.
Your magical capacity is low. (-10% MP)


Message History

The puff of flame hits you but does no damage.
Your Axes skill increases to level 4!
You have reached level 4!
You feel stronger. The orc attacks as you move away!
The orc closely misses you. You furiously retaliate!
You headbutt the orc!
You kill the orc!
You feel very sick. The orc hits you but does no damage.
You feel very sick. The orc hits you with a +0 club. Something hits you.
* * * LOW HITPOINT WARNING * * *
You barely miss the orc.
The orc is moderately wounded.
You barely miss something.
* * * LOW HITPOINT WARNING * * *
You feel very sick. The orc barely misses you. You furiously retaliate!
You headbutt the orc. Something hits you.
* * * LOW HITPOINT WARNING * * *
You slash the orc!
You kill the orc!
You closely miss something.
* * * LOW HITPOINT WARNING * * *
You feel very sick. Something hits you but does no damage.
* * * LOW HITPOINT WARNING * * *
You feel sick.
You hear some strange, mumbled words.
You are confused.
Things that are here:
a +0 club; an orc corpse It was a potion of mutation.
You feel extremely strange.
You feel less energetic. The horns on your head grow some more.
* * * LOW HITPOINT WARNING * * *
You feel sick. Something hits you but does no damage.
Unknown command.
* * * LOW HITPOINT WARNING * * *
You feel sick. Something hits you.
You die...

#......# #... #..# #......# #...
#..# ####'#.# #... #..# #.#.#
#... #..# #.#.# #... ##+###..#
#.#(# #... ........# #.#.# #...
........#######.#.# #...
.......@).......#.# #...
............#####.###...
##.....#.##.............
##########.#......#.##....
#>..................##....
#.########.#.#....####.... #.#
..................
########.#.######.############..#
.........#...(..................#


There were no monsters in sight!

Vanquished Creatures
  An orc wizard (D:3)
  2 adders (D:2)
  A worm (D:3)
  A dart slug (D:1)
  2 orcs (D:3)
  3 ball pythons
  5 bats
  2 endoplasms (D:1)
  3 giant cockroaches
  5 goblins
  6 hobgoblins
  A kobold (D:1)
  A quokka (D:1)
  2 frilled lizards (D:1)
  8 rats
43 creatures vanquished.

Notes
Turn   | Place    | Note
-------+----------+-------------------------------------------
     0 | D:1      | GigaChad the Minotaur Fighter began the quest for the Orb.
     0 | D:1      | Reached XP level 1. HP: 19/19 MP: 0/0
     6 | D:1      | Noticed a water moccasin
     6 | D:1      | Noticed a wyvern
     7 | D:1      | Noticed a polar bear
     7 | D:1      | Noticed a scorpion
   157 | D:1      | Reached XP level 2. HP: 21/27 MP: 1/1
   278 | D:1      | Found a faded altar of an unknown god.
   317 | D:1      | Prayed at the altar of an unknown god.
   317 | D:1      | Became a worshipper of Ignis, the Dying Flame
   597 | D:2      | Reached XP level 3. HP: 33/33 MP: 2/2
   845 | D:2      | Found Regeiveb's Jewellery Boutique.
   867 | D:2      | Found a shimmering altar of Xom.
  1320 | D:3      | Found Aggiaps's Antique Armour Emporium.
  1766 | D:3      | Found Heufum's Distillery.
  1773 | D:3      | Found Jyerul's General Store.
  1889 | D:3      | Found Havujior's General Store.
  1992 | D:3      | Reached XP level 4. HP: 23/40 MP: 3/3
  1997 | D:3      | Gained mutation: Your magical capacity is low. (-10% MP)
                  | [potion of mutation]
  1997 | D:3      | Gained mutation: You have a pair of large horns on your
                  | head. [potion of mutation]
  1997 | D:3      | HP: 2/40 [poisoned by an orc wizard]
  1998 | D:3      | Slain by an orc wizard

Illustrated notes

Levels and vault maps discovered:
D:1:      onia_arrival_zoo_common, layout_rooms, ebering_ecumenical_altar_rust,
          minmay_strange_pillars, minmay_hexomino_u4
D:2:      layout_basic, serial_shops,
          nicolae_shop_temple_entry_statues_fountains, basic_altar
D:3:      layout_basic, serial_shops, nicolae_shop_bloodbath_and_beyond, shop,
          shop, nicolae_shop_behind_doors, shop

Skill      XL: |  1  2  3 |
---------------+----------+-----
Axes           | 3 4 |  4.2
Fighting       | 4 |  4.2
Armour         | 4 |  4.3
Shields        | 4 |  4.1

Action                   |  1- 3 |  4- 6 || total
-------------------------+-------+-------++-------
Melee: War axe           |    83 |     2 ||    85
       Headbutt          |    11 |       ||    11
  Use: Scroll            |     6 |       ||     6
       Potion            |       |     1 ||     1
Armor: Scale mail        |    61 |     3 ||    64
Dodge: Dodged            |    69 |     2 ||    71
Block: Buckler           |    37 |       ||    37
